 Dungeon Crawl Stone Soup version 0.29-a0-911-g88e6f02907 (webtiles) character file.

Game seed: 11016340929178138839

599 nightchill the Skirmisher (level 7, -3/44 HPs)
             Began as a Kobold Hunter on July 25, 2022.
             Slain by an ogre
             ... wielding a +0 giant spiked club
              (12 damage)
             ... on level 4 of the Dungeon.
             The game lasted 00:17:22 (5270 turns).

nightchill the Skirmisher (Kobold Hunter)           Turns: 5270, Time: 00:17:22

Health: -3/44      AC: 12    Str: 10    XL:     7   Next: 68%
Magic:  7/7        EV:  7    Int: 10    God:
Gold:   275        SH:  0    Dex: 25    Spells: 6/6 levels left

rFire   + + .      SeeInvis .   a - +0 shortbow
rCold   . . .      Faith    .   (shield currently unavailable)
rNeg    . . .      Spirit   .   q - +0 chain mail
rPois   .          Reflect  .   w - +2 hat
rElec   .          Harm     .   i - scarf {+Inv}
rCorr   .          Rampage  .   (no gloves)
Will    .....                   p - +1 pair of boots of Fortitude {rF+}
Stlth   ++........              k - amulet of regeneration
HPRegen 0.94/turn               o - ring of protection from fire
MPRegen 0.10/turn               C - +6 ring of dexterity

@: no status effects
A: small, no large weapons, nightstalker 3
a: Evoke Invisibility


You were on level 4 of the Dungeon.
You visited 1 branch of the dungeon, and saw 5 of its levels.

You collected 275 gold pieces.

Inventory:

Hand Weapons
 a - a +0 shortbow (weapon)
 b - a +0 dagger
 u - a +0 mace of venom
Missiles
 f - 49 stones
 h - 4 silver boomerangs
 t - 3 poisoned darts
 x - a throwing net
Armour
 c - a +0 leather armour
 i - a scarf of invisibility (worn)
 p - the +1 pair of boots of Fortitude (worn) {rF+}
   (You found it on level 2 of the Dungeon)

   rF:        It protects you from fire.
 q - a +0 chain mail (worn)
 s - a +0 kite shield
 w - a +2 hat (worn)
Jewellery
 k - an amulet of regeneration (around neck)
 o - a ring of protection from fire (left hand)
 v - a ring of wizardry
 A - an amulet of reflection
 C - a +6 ring of dexterity (right hand)
 F - a +4 ring of protection
Wands
 d - a wand of flame (25)
 y - a wand of acid (7)
 B - a wand of digging (3)
Scrolls
 e - 2 scrolls of blinking
 j - 4 scrolls of teleportation {unknown}
 l - a scroll of immolation
 m - 2 scrolls of fog {unknown}
 r - a scroll of enchant armour {unknown}
 D - a scroll of poison {unknown}
 E - a scroll of amnesia {unknown}
Potions
 g - a potion of flight
 z - a potion of mutation
 G - a potion of lignification


   Skills:
 + Level 4.7 Fighting
 * Level 9.1 Ranged Weapons
 - Level 2.4 Dodging
 + Level 5.3 Stealth


You had 6 spell levels left.
You didn't know any spells.
Your spell library contained the following spells:

 Spells                   Type           Power      Damage    Failure   Level
 Beastly Appendage        Tmut           0%         N/A       100%        1
 Magic Dart               Conj           0%         1d3       100%        1
 Blink                    Tloc           0%         N/A       100%        2
 Searing Ray              Conj           0%         2d4       100%        2
 Wereblood                Tmut           0%         N/A       100%        2
 Lesser Beckoning         Tloc           0%         N/A       100%        3
 Spider Form              Tmut/Pois      0%         N/A       100%        3
 Animate Dead             Necr           0%         N/A       100%        4
 Fulminant Prism          Conj/Hex       0%         3d6       100%        4
 Manifold Assault         Tloc           0%         N/A       100%        5
 Haunt                    Necr/Summ      0%         N/A       100%        7
 Infestation              Necr           0%         N/A       100%        8


Dungeon Overview and Level Annotations

Branches:
Dungeon (5/15)
 Temple: D:4-7

Altars:
Elyvilon

Annotations:
D:1 exclusion: downstairs
D:3 exclusion: 2 doors
D:4 3 runed translucent doors, Tenar's ghost, weakling DsFi


Innate Abilities, Weirdness & Mutations

You are small and have problems with some larger weapons.
You are completely attuned to the shadows.


Message History

Search for what [Enter for "."]? .
(D) Dungeon
Where to? (Enter - D:4, ? - help)
Okay, then.
(D) Dungeon
Where to? (Enter - D:4, ? - help)
There is an open door here.
There is a stone staircase leading up here.
There is a stone staircase leading down here.
You climb downwards.
The gnoll shouts!
You hear a shout! x3; The ogre shouts!
You hear an angry hiss.
Found a stone staircase leading down.
There is a stone staircase leading up here.
There are monsters nearby!
The ogre closely misses you.
You climb upwards.
Level annotation: 3 runed translucent doors, Tenar's ghost, weakling DsFi
There is a stone staircase leading down here.
Fire: a) +0 shortbow
Press: ? - help, Q - select action, (/) - cycle Shift-Dir - straight line, f - ogre
Aim: an ogre, wielding a +0 giant spiked club (81% to hit)
You shoot an arrow. The arrow hits the ogre.
The ogre is moderately wounded.
The ogre hits you with a +0 giant spiked club!!
The ogre attacks as you move away! The ogre closely misses you.
The ogre attacks as you move away!
The ogre hits you with a +0 giant spiked club!!
Ouch! That really hurt!
* * * LOW HITPOINT WARNING * * *
You feel better.
Fire: a) +0 shortbow
Press: ? - help, Q - select action, (/) - cycle Shift-Dir - straight line, f/p - ogre
Aim: an ogre, wielding a +0 giant spiked club (moderately wounded, 81% to hit)
You shoot an arrow. The arrow hits the ogre!
The ogre is severely wounded.
The ogre hits you with a +0 giant spiked club.
* * * LOW HITPOINT WARNING * * *
The ogre hits you with a +0 giant spiked club!
You die...

#####†#.#### #.##.#####
#.#.# #..#.# #.#.#
######.#.# #.#.# #......#.#
#####.#.# #......#.#######
....#.#.#####........##....#
###.#.#................>##.#
#.#.#.............#).#####.#
#.#.#######.....@O..>......#
#.#.#######......###########
#................#
#.#.#########.##.# # ....#
#.##.# # ...##########.##.#
###### ..............##.#
#..... ...#############.#
#..... ...# #.# #.....


You could see an ogre.

Vanquished Creatures
  Grinder (D:2)
  A necrophage (D:4)
  2 hounds (D:4)
  Jessica (D:3)
  Ijyb (D:3)
  Terence (D:3)
  Robin (D:2)
  6 gnolls
  6 adders (D:4)
  4 worms
  2 orcs (D:4)
  8 ball pythons
  4 bats
  7 endoplasms
  A giant cockroach (D:3)
  10 goblins
  9 hobgoblins
  A jackal (D:1)
  6 kobolds
  A quokka (D:1)
  3 frilled lizards
  5 rats
81 creatures vanquished.

Notes
Turn   | Place    | Note
-------+----------+-------------------------------------------
     0 | D:1      | nightchill the Kobold Hunter began the quest for the Orb.
     0 | D:1      | Reached XP level 1. HP: 12/12 MP: 1/1
    44 | D:1      | Found a faded altar of an unknown god.
   201 | D:1      | Reached XP level 2. HP: 18/18 MP: 2/2
   764 | D:2      | Reached skill level 6 in Ranged Weapons
  1322 | D:2      | Identified the +1 chain mail "Afaamifu" {Will- Str+2 Dex+3}
  1365 | D:2      | Reached XP level 3. HP: 22/22 MP: 3/3
  1407 | D:2      | Identified the +1 pair of boots of Fortitude {rF+}
  1522 | D:2      | Noticed Robin
  1963 | D:2      | Killed Robin
  1964 | D:2      | Reached XP level 4. HP: 18/28 MP: 4/4
  2309 | D:3      | Noticed Terence
  2318 | D:3      | Killed Terence
  2319 | D:3      | Reached XP level 5. HP: 31/32 MP: 5/5
  2623 | D:3      | Reached skill level 7 in Ranged Weapons
  3051 | D:3      | Noticed Grinder
  3075 | D:2      | Paralysed by Grinder for 4 turns
  3081 | D:2      | Paralysed by Grinder for 3 turns
  3090 | D:2      | Killed Grinder
  3091 | D:2      | Reached skill level 8 in Ranged Weapons
  3091 | D:2      | Reached XP level 6. HP: 35/38 MP: 6/6
  3612 | D:3      | Found a white marble altar of Elyvilon.
  3779 | D:3      | Noticed Ijyb
  3786 | D:3      | Killed Ijyb
  3787 | D:3      | Reached XP level 7. HP: 42/43 MP: 7/7
  3910 | D:3      | Noticed Jessica
  3911 | D:3      | Killed Jessica
  4057 | D:4      | Found a runed translucent gate.
  4057 | D:4      | Found a runed translucent gate.
  4058 | D:4      | Found a runed translucent gate.
  4060 | D:4      | Noticed Tenar's ghost (weakling DsFi)
  4561 | D:4      | Reached skill level 5 in Stealth
  4983 | D:4      | Reached skill level 9 in Ranged Weapons
  5261 | D:5      | Entered Level 5 of the Dungeon
  5270 | D:4      | Slain by an ogre

Illustrated notes

Levels and vault maps discovered:
D:1:      giann_bridges, layout_basic, ebering_ecumenical_altar_petrified,
          hangedman_feature_mirror
D:2:      layout_basic, uniq_robin
D:3:      layout_loops_ring, nicolae_elyvilon_peaceful_grove,
          gammafunk_temple_overflow_wave, uniq_ijyb, uniq_jessica, uniq_terence,
          uniq_grinder
D:4:      layout_basic, gammafunk_ghost_nasty_kobolds, minmay_misc_feat_square,
          st_stairs_12
D:5:      layout_loops_corners, minmay_temple_entry_fiery, grunt_ministairs_11

Skill      XL: |  1  2  3  4  5  6  7 |
---------------+----------------------+-----
Ranged Weapons | 6 8 9 |  9.1
Fighting       | 3 4 |  4.7
Stealth        | 2 4 5 |  5.3
Dodging        | |  2.4

Action                   |  1- 3 |  4- 6 |  7- 9 || total
-------------------------+-------+-------+-------++-------
Melee: Dagger            |     2 |       |       ||     2
 Fire: Shortbow          |    63 |   122 |    66 ||   251
Throw: Dart              |       |     1 |       ||     1
       Throwing net      |       |     1 |       ||     1
  Use: Scroll            |       |     4 |     3 ||     7
       Potion            |       |       |     1 ||     1
Armor: Leather armour    |     9 |       |       ||     9
       Chain mail        |     5 |    58 |    33 ||    96
Dodge: Dodged            |    23 |    65 |    19 ||   107

Table legend: (Time is in decaauts)
 A = Elapsed time spent in this place.
 B = Non-inter-level travel time spent in this place.
 C = Inter-level travel time spent in this place.
 D = Time resting spent in this place.
 E = Time spent auto-exploring this place.
 F = Levels seen in this place.
 G = Mean time per level.
                   A        B        C        D        E       F      G
               +--------+--------+--------+--------+--------+-----+--------+
         Total |   5445 |   5143 |    302 |   1104 |   2864 |   5 | 1089.0 |
       Dungeon |   5445 |   5143 |    302 |   1104 |   2864 |   5 | 1089.0 |
               +--------+--------+--------+--------+--------+-----+--------+

Top non-repeatable levels by time:
     D:2: 1758 daAuts
     D:3: 1439 daAuts
     D:4: 1302 daAuts
     D:1: 943 daAuts
     D:5: 1 daAuts
